 Dungeon Crawl Stone Soup version 0.28-a0-1594-ga885d4b3d6 (webtiles) character file.

Game seed: 16552621455145809206

1380 issech the Cudgeller (level 8, -5/78 HPs)
             Began as a Troll Fighter on Jan 21, 2022.
             Was an Initiate of Hepliaklqana.
             Slain by a sixfirhy (11 damage)
             ... summoned by a kobold demonologist
             ... on level 5 of the Dungeon.
             The game lasted 00:21:33 (4638 turns).

issech the Cudgeller (Troll Fighter)                Turns: 4638, Time: 00:21:33

Health: -5/78      AC:  6    Str: 25    XL:     8   Next: 39%
Magic:  7/7        EV: 10    Int:  4    God:    Hepliaklqana [......]
Gold:   264        SH:  9    Dex: 17    Spells: 7/7 levels left

rFire   . . .      SeeInvis +   E - +4 flail (vorpal)
rCold   . . .      Faith    .   c - +0 kite shield
rNeg    . . .      Spirit   .   b - +0 robe
rPois   .          Reflect  .   (helmet restricted)
rElec   .          Harm     .   x - +1 cloak
rCorr   .          Rampage  .   (gloves unavailable)
Will    .....                   (boots unavailable)
Stlth   ++........              B - amulet of the acrobat
HPRegen 1.03/turn               o - ring of see invisible
MPRegen 0.10/turn               u - +6 ring of dexterity

@: no status effects
A: large, unfitting armour, claws 3, regeneration 1, shaggy fur 1, tough skin 1
a: Renounce Religion


You were on level 5 of the Dungeon.
You worshipped Hepliaklqana.
Hepliaklqana was noncommittal.
You visited 2 branches of the dungeon, and saw 6 of its levels.

You collected 264 gold pieces.

Inventory:

Hand Weapons
 i - a +0 halberd of freezing
 r - a +1 dagger of venom
 w - a +4 quarterstaff of chaos
 E - a +4 vorpal flail (weapon)
 F - a +0 hunting sling
 M - a +0 shortbow
Missiles
 g - 183 stones (quivered)
 m - 3 throwing nets
 A - 34 bolts
 C - a boomerang
 H - 20 sling bullets
 K - 23 arrows
Armour
 b - a +0 robe (worn)
 c - a +0 kite shield (worn)
 l - a +1 scale mail of cold resistance
 x - a +1 cloak (worn)
 J - a +3 plate armour of fire resistance
Jewellery
 f - an amulet of regeneration
 j - an amulet of magic regeneration
 n - a ring of wizardry
 o - a ring of see invisible (left claw)
 u - a +6 ring of dexterity (right claw)
 z - a ring of wizardry
 B - an amulet of the acrobat (around neck)
Wands
 G - a wand of mindburst (15)
 N - a wand of digging (5)
Scrolls
 k - 2 scrolls of blinking
 v - a scroll of enchant armour
Potions
 d - a potion of might
 e - 2 potions of cancellation
 h - 2 potions of attraction
 p - a potion of degeneration
 q - 2 potions of brilliance
 s - a potion of flight {unknown}
 t - a potion of invisibility {unknown}
 D - 2 potions of heal wounds {unknown}
Miscellaneous
 L - a phial of floods


   Skills:
 + Level 4.3 Fighting
 + Level 6.3 Maces & Flails
 + Level 4.4 Dodging
 + Level 1.2 Stealth
 + Level 4.2 Shields


You had 7 spell levels left.
You didn't know any spells.
Your spell library contained the following spells:

 Spells                   Type           Power      Damage    Failure   Level
 Animate Skeleton         Necr           0%         N/A       78%         1
 Pain                     Necr           0%         1d4       78%         1
 Vampiric Draining        Necr           0%         2d6       98%         3


Dungeon Overview and Level Annotations

Branches:
Dungeon (5/15)             Temple (1/1) D:4

Altars:
Ashenzari
Cheibriados
Dithmenos
Elyvilon
Fedhas
Gozag
Hepliaklqana
Makhleb
Nemelex Xobeh
Okawaru
Qazlal
Ru
Trog
Uskayaw
Vehumet
Wu Jian
Xom
Yredelemnul
Zin
The Shining One

Annotations:
D:5 2 runed translucent doors


Innate Abilities, Weirdness & Mutations

You are too large for most types of armour.
You have claws for hands.
Your natural rate of healing is unusually fast.
You are covered in fur. (AC +1)
You have tough skin. (AC +1)


Message History

The steam dragon breathes steam at you. The ball of steam hits you!
You hit the steam dragon.
The steam dragon is severely wounded.
You are engulfed in a cloud of scalding steam.
The steam dragon bites you. The steam dragon barely misses you.
You sock the steam dragon!
The steam dragon is almost dead.
You block the steam dragon's attack. The steam dragon misses you.
You sock the steam dragon!
You kill the steam dragon!
Your life force feels restored.
There is an open door here.
You see here a +0 robe.
The kobold demonologist shouts!
The kobold demonologist looks satisfied for a moment.
The kobold demonologist looks braver for a moment.
You hit the kobold demonologist.
The kobold demonologist is lightly wounded.
The kobold demonologist mumbles some strange words.
You closely miss the kobold demonologist.
The kobold demonologist is lightly wounded.
The kobold demonologist hits you with a +0 dagger.
You barely miss the kobold demonologist.
The kobold demonologist is lightly wounded.
The kobold demonologist casts a spell.
The kobold demonologist barely misses you.
You miss the sixfirhy. You block the sixfirhy's attack. The sixfirhy hits you.
The sixfirhy shocks you!
You block the kobold demonologist's attack.
The sixfirhy hits you. The sixfirhy shocks you!
You hit the sixfirhy.
The sixfirhy is lightly wounded.
You block the sixfirhy's attack. The sixfirhy hits you!
The sixfirhy shocks you! The sixfirhy hits you. The sixfirhy shocks you!
* * * LOW HITPOINT WARNING * * *
The sixfirhy hits you!
* * * LOW HITPOINT WARNING * * *
The sixfirhy shocks you!
You die...

#.....###.#.#.##.##..###.#..#
..#'#.....##....####....##..#
##..)......######..######...#
#..).............^.......#.#
#.............[.#######....#
#..)....................####
##..........K...3#########
........########K# ).......##
#@# .........#### #3#
............# #.#
............# #.#
##..........# #.#
#.[........# #.# #..........#
#.# #########'## #.#
########)## #.#


You could see a kobold demonologist, a sixfirhy (summoned) and a smoke demon
(summoned).

Vanquished Creatures
  Sigmund (D:2)
  A steam dragon (D:5)
  Edmund (Temple)
  A water moccasin (D:3)
  2 ogres (D:5)
  A centaur (D:5)
  A wyvern zombie (D:4)
  3 hounds
  A bullfrog zombie (D:5)
  An orc priest (D:5)
  Crazy Yiuf (D:2)
  A gnoll shaman (D:5)
  2 iguanas
  An orc wizard (D:5)
  9 adders
  11 gnolls (D:5)
  An adder skeleton (D:4)
  4 worms
  2 dart slugs
  7 orcs
  4 endoplasms
  2 giant cockroaches
  7 goblins
  9 hobgoblins
  6 kobolds
  4 quokkas
  7 ball pythons
  6 bats
  4 frilled lizards
  4 rats
105 creatures vanquished.

Notes
Turn   | Place    | Note
-------+----------+-------------------------------------------
     0 | D:1      | issech the Troll Fighter began the quest for the Orb.
     0 | D:1      | Reached XP level 1. HP: 22/22 MP: 0/0
   226 | D:1      | Reached skill level 2 in Maces & Flails
   230 | D:1      | Reached XP level 2. HP: 29/29 MP: 1/1
   761 | D:2      | Reached XP level 3. HP: 29/36 MP: 2/2
   766 | D:2      | You fall into a shaft and drop 2 floors!
  1096 | D:2      | Reached XP level 4. HP: 44/44 MP: 3/3
  1153 | D:2      | Noticed Sigmund
  1215 | D:2      | HP: 2/44 [something (6)]
  1266 | D:2      | Killed Sigmund
  1267 | D:2      | Reached skill level 3 in Maces & Flails
  1267 | D:2      | Reached XP level 5. HP: 45/53 MP: 4/4
  1441 | D:2      | Found a runed translucent door.
  1442 | D:2      | Noticed Crazy Yiuf
  1562 | D:2      | Killed Crazy Yiuf
  1735 | D:3      | Reached XP level 6. HP: 61/61 MP: 5/5
  1741 | D:3      | Found a faded altar of an unknown god.
  1895 | D:3      | Reached skill level 4 in Maces & Flails
  2302 | D:4      | Noticed a water moccasin
  2331 | D:4      | HP: 3/61 [poisoned by a water moccasin]
  2336 | D:4      | HP: 3/61 [poisoned by a water moccasin]
  2412 | D:3      | Killed a water moccasin
  2647 | D:4      | Found a staircase to the Ecumenical Temple.
  2691 | D:4      | Noticed Edmund
  2742 | Temple   | Entered the Ecumenical Temple
  2787 | Temple   | Killed Edmund
  2788 | Temple   | Reached XP level 7. HP: 36/68 MP: 6/6
  3094 | Temple   | Became a worshipper of Hepliaklqana the Forgotten
  3508 | D:5      | Entered Level 5 of the Dungeon
  3620 | D:5      | Reached skill level 5 in Maces & Flails
  3984 | D:5      | Found a large runed translucent door.
  3984 | D:5      | Noticed a steam dragon
  3985 | D:5      | Found a large runed translucent door.
  3990 | D:5      | Found a large runed translucent door.
  3990 | D:5      | Found a large runed translucent door.
  3992 | D:5      | Noticed a kobold demonologist
  4228 | D:5      | Reached skill level 1 in Stealth
  4242 | D:5      | Reached XP level 8. HP: 60/78 MP: 7/7
  4307 | D:5      | Reached skill level 6 in Maces & Flails
  4522 | D:5      | Noticed a soul eater
  4635 | D:5      | Noticed a smoke demon
  4637 | D:5      | Noticed a sixfirhy
  4638 | D:5      | Slain by a sixfirhy

Illustrated notes

Levels and vault maps discovered:
D:1:      lightli_molten_gateway, layout_rooms
D:2:      layout_rooms, nrook_mini_vaults, serial_park_tiny_1,
          uniq_crazy_yiuf_cottage, uniq_sigmund
D:3:      layout_basic, ebering_ecumenical_altar_box
D:4:      layout_rooms, minmay_temple_entry_arrows, gup_sewer_entry_spiral,
          kennysheep_minor_cross, uniq_edmund
D:5:      layout_basic, minmay_hollow_rounded_squares
Temple:   mainiacjoe_temple_cubbyholes

Skill      XL: |  1  2  3  4  5  6  7  8 |
---------------+-------------------------+-----
Maces & Flails | 2 3 4 5 6 |  6.3
Dodging        | 3 4 |  4.4
Fighting       | 3 4 |  4.3
Shields        | 3 4 |  4.2
Stealth        | 1 |  1.2

Action                   |  1- 3 |  4- 6 |  7- 9 || total
-------------------------+-------+-------+-------++-------
Melee: Flail             |   128 |    50 |   119 ||   297
       Mace              |       |   108 |     2 ||   110
  Use: Scroll            |       |       |     8 ||     8
 Stab: Sleeping          |       |     1 |     1 ||     2
Armor: Robe              |    62 |    35 |    20 ||   117
Dodge: Dodged            |    67 |   101 |    46 ||   214
Block: Kite shield       |    66 |    86 |    63 ||   215

Table legend: (Time is in decaauts)
 A = Elapsed time spent in this place.
 B = Non-inter-level travel time spent in this place.
 C = Inter-level travel time spent in this place.
 D = Time resting spent in this place.
 E = Time spent auto-exploring this place.
 F = Levels seen in this place.
 G = Mean time per level.
                   A        B        C        D        E       F      G
               +--------+--------+--------+--------+--------+-----+--------+
         Total |   4821 |   4657 |    164 |     56 |   1990 |   6 |  803.5 |
       Dungeon |   4426 |   4262 |    164 |     30 |   1733 |   5 |  885.2 |
        Temple |    395 |    395 |      0 |     26 |    257 |   1 |  395.0 |
               +--------+--------+--------+--------+--------+-----+--------+

Top non-repeatable levels by time:
     D:5: 1149 daAuts
     D:3: 922 daAuts
     D:4: 859 daAuts
     D:1: 786 daAuts
     D:2: 707 daAuts
  Temple: 395 daAuts
